 Dungeon Crawl Stone Soup version 0.29.0-13-gc9e81de378 (webtiles) character file.

Game seed: 5194596107479930064

2663 gelatine the Firebug (level 9, -13/64 HPs)
             Began as a Demonspawn Fire Elementalist on Sept 9, 2022.
             Was an Initiate of Vehumet.
             Mangled by a boulder beetle (21 damage)
             ... on level 6 of the Dungeon.
             The game lasted 00:19:48 (8819 turns).

gelatine the Firebug (Demonspawn Fire Elementalist) Turns: 8819, Time: 00:19:49

Health: -13/64     AC:  2    Str:  8    XL:     9   Next: 36%
Magic:  20/27      EV: 13    Int: 22    God:    Vehumet [......]
Gold:   198        SH:  0    Dex: 13    Spells: 13/20 levels left

rFire   + + .      SeeInvis .   c - +11 lajatang of Freehold {pain, rF++ Will+}
rCold   . . .      Faith    .   (shield currently unavailable)
rNeg    . . .      Spirit   .   a - +0 robe
rPois   .          Reflect  .   (no helmet)
rElec   .          Harm     .   (no cloak)
rCorr   .          Rampage  .   (no gloves)
Will    +....                   (no boots)
Stlth   ++........              (no amulet)
HPRegen 0.20/turn               m - ring of magical power
MPRegen 0.20/turn               (no ring)

@: no status effects
A: hooves 2, foul stench 1, spiny 2
a: Renounce Religion


You were on level 6 of the Dungeon.
You worshipped Vehumet.
Vehumet was noncommittal.
You visited 2 branches of the dungeon, and saw 7 of its levels.
You also visited: Sewer.

You collected 198 gold pieces.

Inventory:

Hand Weapons
 c - the +11 lajatang of Freehold (weapon) {pain, rF++ Will+}
   (You found it on level 4 of the Dungeon)

   In the hands of one skilled in necromantic magic, it inflicts extra damage on
   living creatures.
   rF:        It greatly protects you from fire.
   Will:      It increases your willpower.
 d - a +0 club
 i - a +1 short sword of protection
 k - a +2 sling of flaming
Missiles
 e - 4 curare-tipped darts
Armour
 a - a +0 robe (worn)
Magical Staves
 p - a staff of earth
Jewellery
 m - a ring of magical power (left hand)
Wands
 q - a wand of mindburst (3)
Scrolls
 f - a scroll of butterflies
 h - 2 scrolls of immolation
 l - a scroll of enchant weapon
 t - a scroll of teleportation {unknown}
Potions
 b - 3 potions of magic
 g - a potion of invisibility {unknown}
 j - a potion of resistance {unknown}
 n - 2 potions of curing
 o - 2 potions of lignification {unknown}
 r - a potion of might
 s - a potion of brilliance {unknown}


   Skills:
 * Level 3.4 Fighting
 * Level 3.1 Staves
 * Level 3.4 Dodging
 + Level 3.1 Stealth
 + Level 6.1 Spellcasting
 * Level 5.3 Conjurations
 * Level 3.2 Necromancy
 * Level 6.3 Fire Magic


You had 13 spell levels left.
You knew the following spells:

 Your Spells              Type           Power      Damage    Failure   Level
a - Foxfire               Conj/Fire      100%       2x1d9     1%          1
b - Scorch                Fire           68%        2d8       1%          2
c - Flame Wave            Conj/Fire      32%        2d9       9%          4

Your spell library contained the following spells:

 Spells                   Type           Power      Damage    Failure   Level
 Magic Dart               Conj           100%       1d8       1%          1
 Searing Ray              Conj           60%        2d6       1%          2
 Conjure Flame            Conj/Fire      32%        6-21      2%          3
 Sublimation of Blood     Necr           20%        N/A       3%          2
 Inner Flame              Hex/Fire       20%        N/A       8%          3
 Frozen Ramparts          Ice            12%        1d2       26%         3
 Fulminant Prism          Conj/Hex       9%         3d7       30%         4
 Irradiate                Conj/Tmut      9%         3d14      63%         5
 Ice Form                 Ice/Tmut       6%         N/A       65%         4
 Petrify                  Tmut/Erth      6%         N/A       65%         4
 Summon Ice Beast         Ice/Summ       6%         N/A       65%         4


Dungeon Overview and Level Annotations

Branches:
Dungeon (6/15)             Temple (1/1) D:5           Sewer (visited)

Altars:
Ashenzari
Cheibriados
Dithmenos
Fedhas
Hepliaklqana
Kikubaaqudgha
Makhleb
Nemelex Xobeh
Okawaru
Qazlal
Ru
Sif Muna
Trog
Vehumet
Wu Jian
Xom
Yredelemnul


Innate Abilities, Weirdness & Mutations

You have hoof-like feet.
You may rarely emit foul miasma when damaged in melee.
You are mostly covered in sharp spines.


Message History

Casting: Scorch (safe; 1% risk of failure)
Confirm with . or Enter, or press ? or * to list all spells.
Flames lash the boulder beetle but do no damage.
The boulder beetle completely misses you.
The boulder beetle stops rolling and uncurls.
Casting: Scorch (safe; 1% risk of failure)
Confirm with . or Enter, or press ? or * to list all spells.
Flames lash the boulder beetle.
The boulder beetle is burned terribly!
The boulder beetle is moderately wounded.
The boulder beetle misses you.
You hit the boulder beetle but do no damage.
The boulder beetle is moderately wounded.
The boulder beetle is struck by your spines.
The boulder beetle closely misses you.
You hit the boulder beetle but do no damage.
You kick the boulder beetle, but do no damage.
The boulder beetle is heavily wounded.
The boulder beetle bites you!
You barely miss the boulder beetle.
You kick the boulder beetle, but do no damage.
The boulder beetle is heavily wounded.
The boulder beetle bites you.
You hit the boulder beetle.
The boulder beetle writhes in agony.
You kick the boulder beetle, but do no damage.
The boulder beetle is heavily wounded.
The boulder beetle bites you!!
You hit the boulder beetle but do no damage.
The boulder beetle is heavily wounded.
The boulder beetle bites you!!
* * * LOW HITPOINT WARNING * * *
The boulder beetle closely misses you.
Unknown command.
You feel better. The boulder beetle barely misses you.
Read: 2 scrolls of butterflies
Press: ? - help, Q - select action, (/) - cycle Dir - look around, f - activate Look: a boulder beetle (heavily wounded, more vulnerable to fire)
As you read the scroll of butterflies, it crumbles to dust.
You hear the tinkle of a tiny bell.
The boulder beetle bites you!!
You die...

# # ######## ##......##### ###
##...........## #.##
##bbbb#..#..#..## #..###
#.bbbb##...##...## .....###
##.bb@B###.###....#
##.....#####..b###b##.##.###.#
.........#......## .#.#.###..#
.................####.####..##
.....#.......[.......⌠.....###
..##.............####.####...## #
...#............###.#.#.###...#..
#..#..P~.♣.....###.##.##.###.....
#....♣~P.~~.......###.###÷.......


You could see a boulder beetle (combustible, ally target).

Vanquished Creatures
  An unseen horror (D:6)
  A shadow (D:6)
  A wyvern (D:6)
  An orc warrior (D:6)
  A sky beast (D:6)
  2 centaurs
  2 phantoms
  8 kobold brigands (Sewer)
  A bullfrog (D:6)
  3 scorpions
  2 necrophages
  3 electric eels (D:6)
  2 hounds
  2 jellies
  4 iguanas
  2 orc wizards
  13 adders
  2 river rats (Sewer)
  A shadow imp (D:6)
  A white imp (D:6)
  4 ufetubi
  7 worms
  3 dart slugs
  15 orcs
  7 ball pythons
  10 endoplasms
  7 giant cockroaches
  4 goblins
  6 hobgoblins
  7 jackals
  12 kobolds
  3 quokkas
  3 bats
  11 frilled lizards
  4 rats
156 creatures vanquished.

Vanquished Creatures (collateral kills)
  20 foxfires
20 creatures vanquished.

Vanquished Creatures (others)
  569 foxfires
  22 plants
591 creatures vanquished.

Grand Total: 767 creatures vanquished

Notes
Turn   | Place    | Note
-------+----------+-------------------------------------------
     0 | D:1      | gelatine the Demonspawn Fire Elementalist began the quest
                  | for the Orb.
     0 | D:1      | Reached XP level 1. HP: 13/13 MP: 3/3
   500 | D:1      | Gained mutation: You have large cloven feet. [demonic
                  | ancestry]
   500 | D:1      | Reached XP level 2. HP: 19/19 MP: 3/5
   513 | D:1      | Learned a level 2 spell: Scorch
  1746 | D:2      | Reached XP level 3. HP: 24/24 MP: 2/6
  2162 | D:2      | Gained mutation: You are partially covered in sharp spines.
                  | [demonic ancestry]
  2162 | D:2      | Reached XP level 4. HP: 30/30 MP: 4/8
  2391 | D:2      | Found a faded altar of an unknown god.
  2739 | D:3      | Found a snail-covered altar of Cheibriados.
  2903 | D:3      | Found a glowing drain.
  2921 | Sewer    | Entered a sewer
  3100 | Sewer    | Noticed a kobold brigand
  3107 | Sewer    | Killed a kobold brigand
  3108 | Sewer    | Gained mutation: You are mostly covered in sharp spines.
                  | [demonic ancestry]
  3108 | Sewer    | Reached XP level 5. HP: 35/35 MP: 3/10
  3379 | Sewer    | Reached XP level 6. HP: 36/41 MP: 6/11
  3942 | Sewer    | Gained mutation: You may rarely emit foul miasma when
                  | damaged in melee. [demonic ancestry]
  3942 | Sewer    | Reached XP level 7. HP: 46/46 MP: 6/13
  3944 | Sewer    | Reached skill level 5 in Fire Magic
  4615 | D:3      | Reached skill level 5 in Spellcasting
  5130 | D:4      | Identified the +11 lajatang of Freehold {pain, rF++ Will+}
  5747 | D:4      | Reached skill level 1 in Fighting
  6211 | D:5      | Entered Level 5 of the Dungeon
  6269 | D:5      | Found a staircase to the Ecumenical Temple.
  6301 | Temple   | Entered the Ecumenical Temple
  6420 | D:5      | Reached skill level 1 in Staves
  6448 | D:5      | Found a burning altar of Makhleb.
  6578 | D:5      | Gained mutation: You have hoof-like feet. [demonic
                  | ancestry]
  6578 | D:5      | Reached XP level 8. HP: 39/54 MP: 15/15
  6745 | D:5      | Reached skill level 1 in Necromancy
  7321 | D:6      | Found a radiant altar of Vehumet.
  7330 | D:6      | Became a worshipper of Vehumet
  7442 | D:6      | Learned a level 4 spell: Flame Wave
  7627 | D:6      | Found a blossoming altar of Fedhas.
  7979 | D:6      | Reached XP level 9. HP: 53/63 MP: 17/17
  8340 | D:6      | Reached skill level 5 in Conjurations
  8606 | D:6      | Killed an unseen horror
  8807 | D:6      | Noticed a boulder beetle
  8817 | D:6      | HP: 1/64 [boulder beetle (31)]
  8819 | D:6      | Mangled by a boulder beetle

Illustrated notes

Levels and vault maps discovered:
D:1:      heliophobic_arrival_ceremonial_halls, layout_basic
D:2:      layout_basic, basic_ecumenical_altar
D:3:      minmay_angry_zag, layout_rooms, cheibriados_altar_1,
          cheibrodos_sewer_entry_bend, minmay_fountain_box
D:4:      layout_basic, general_overflow_altar, minmay_lizard_king
D:5:      layout_loops_cross, lemuel_tele_altar, minmay_temple_entry_large_hall,
          chequers_serial_rivers_room_a
D:6:      layout_cave_pools, fedhas_bush_and_centaur_altar,
          nicolae_vehumet_radiance, serial_bayou, serial_bayou_shore_a,
          serial_bayou_lagoon_b, serial_bayou_lagoon_a, serial_bayou_pond_b,
          kb_rosetta
Temple:   eino_wide_crystal_templ

Skill      XL: |  1  2  3  4  5  6  7  8  9 |
---------------+----------------------------+-----
Fire Magic     | 3 4 5 6 |  6.3
Dodging        | 2 3 |  3.4
Stealth        | 2 3 |  3.1
Spellcasting   | 3 4 5 6 |  6.1
Conjurations   | 2 3 4 5 |  5.3
Fighting       | 1 3 |  3.4
Staves         | 1 2 3 |  3.1
Necromancy     | 2 3 |  3.2

Action                   |  1- 3 |  4- 6 |  7- 9 || total
-------------------------+-------+-------+-------++-------
Melee: Unarmed           |    13 |       |       ||    13
       Club              |     6 |       |       ||     6
       Kick              |     3 |       |    10 ||    13
       Lajatang          |       |       |    38 ||    38
 Cast: Foxfire           |    70 |    83 |   213 ||   366
       Scorch            |     4 |     7 |    26 ||    37
  Use: Scroll            |       |     5 |     9 ||    14
       Potion            |       |       |     1 ||     1
Armor: Robe              |    10 |     2 |       ||    12
Dodge: Dodged            |    12 |     3 |    23 ||    38
